 Dungeon Crawl Stone Soup version 0.27.1-34-g3ba077fa99 (webtiles) character file.

Game seed: 12105774410539149709

569 alasdair19 the Slasher (level 7, -1/60 HPs)
             Began as a Minotaur Fighter on Feb 5, 2022.
             Slain by a hobgoblin (7 damage)
             ... on level 5 of the Dungeon.
             The game lasted 00:05:54 (3974 turns).

alasdair19 the Slasher (Minotaur Fighter)           Turns: 3974, Time: 00:05:54

Health: -1/60      AC:  7    Str: 22    XL:     7   Next: 11%
Magic:  6/6        EV:  8    Int:  6    God:
Gold:   201        SH: 10    Dex:  9    Spells: 6/6 levels left

rFire    . . .     SeeInvis .   e - +1 long sword (elec)
rCold    . . .     Faith    .   c - +0 kite shield
rNeg     . . .     Spirit   .   b - +0 scale mail
rPois    .         Reflect  .   (helmet restricted)
rElec    .         Harm     .   (no cloak)
rCorr    .         Rampage  .   (no gloves)
Will     .....                  (no boots)
Stlth    ..........             (no amulet)
HPRegen  0.20/turn              (no ring)
MPRegen  0.10/turn              (no ring)

@: no status effects
A: horns 2, retaliatory headbutt
a: no special abilities


You were on level 5 of the Dungeon.
You visited 1 branch of the dungeon, and saw 5 of its levels.

You collected 201 gold pieces.

Inventory:

Hand Weapons
 a - a +0 long sword
 e - a +1 long sword of electrocution (weapon)
Missiles
 m - 8 boomerangs (quivered)
Armour
 b - a +0 scale mail (worn)
 c - a +0 kite shield (worn)
Jewellery
 o - a ring of protection from fire
Scrolls
 f - a scroll of immolation {unknown}
 h - a scroll of amnesia {unknown}
 i - 2 scrolls of vulnerability {unknown}
 l - a scroll of noise {unknown}
Potions
 d - a potion of might
 g - 2 potions of curing
 j - a potion of mutation {unknown}
 n - 2 potions of attraction
 p - a potion of heal wounds {unknown}
 q - 2 potions of lignification


   Skills:
 + Level 4.6 Fighting
 + Level 6.1 Long Blades
 + Level 0.1 Throwing
 + Level 5.8 Armour
 - Level 1.3 Dodging
 - Level 0.7 Stealth
 + Level 5.4 Shields


You had 6 spell levels left.
You didn't know any spells.
Your spell library contained the following spells:

 Spells                   Type           Power      Damage    Failure   Level
 Summon Small Mammal      Summ           0%         N/A       99%         1
 Call Canine Familiar     Summ           0%         N/A       100%        3
 Summon Guardian Golem    Hex/Summ       0%         N/A       100%        3


Dungeon Overview and Level Annotations

Branches:
Dungeon (5/15)
 Temple: D:4-7

Altars:
The Shining One

Shops:
D:4 :


Innate Abilities, Weirdness & Mutations

You have a pair of horns on your head.
You reflexively headbutt those who attack you in melee.


Message History

The hobgoblin hits you from afar with a +0 scythe!
You block the hobgoblin's attack. x2
Things that are here:
a +0 scythe; a +0 robe; a hobgoblin corpse The hobgoblin hits you from afar with a +0 scythe!
You block the hobgoblin's attack.
The hobgoblin hits you from afar with a +0 scythe!
You hit the hobgoblin but do no damage. You block the hobgoblin's attack. x2
You closely miss the hobgoblin.
The hobgoblin hits you but does no damage.
The hobgoblin barely misses you.
The hobgoblin hits you with a +0 scythe.
You barely miss the hobgoblin. The hobgoblin barely misses you.
You block the hobgoblin's attack. The hobgoblin barely misses you.
You closely miss the hobgoblin. You headbutt the hobgoblin.
You kill the hobgoblin!
The hobgoblin barely misses you.
The hobgoblin hits you from afar with a +0 scythe!
The hobgoblin hits you but does no damage.
The hobgoblin barely misses you.
Things that are here:
a +0 scythe; a +0 robe; a hobgoblin corpse You closely miss the hobgoblin.
You block the hobgoblin's attack.
The hobgoblin hits you from afar with a +0 scythe!
* * * LOW HITPOINT WARNING * * *
You block the hobgoblin's attack.
You slash the hobgoblin!
You kill the hobgoblin!
You block the hobgoblin's attack. x2; The hobgoblin closely misses you.
You block the hobgoblin's attack. You block the hobgoblin's attack.
The hobgoblin hits you from afar with a +0 scythe!
* * * LOW HITPOINT WARNING * * *
You block the hobgoblin's attack. x2; The hobgoblin closely misses you.
You riposte.
You hit the hobgoblin but do no damage. Your headbutt misses the hobgoblin.
Items here: )) [[ ††.
You block the hobgoblin's attack.
The hobgoblin hits you from afar with a +0 scythe!
You die...

#...............#
#..............>#
#............†..#
#.........†..<).#
#..............##
.
###.#.....#.....##
#.
..#.#############
#.. #.#.# ..gg
#.#@#


..ggg #.#)# $.....#.gg# ...g...ggg# .#######.## #.# #.# ..# .## You could see 5
hobgoblins.

Vanquished Creatures
  A wyvern (D:4)
  An ogre (D:5)
  A scorpion (D:5)
  An orc priest (D:4)
  A jelly (D:3)
  A centaur skeleton (D:4)
  2 iguanas
  4 gnolls
  2 adders (D:4)
  A shadow imp (D:5)
  3 dart slugs
  8 orcs
  7 ball pythons
  6 endoplasms
  9 giant cockroaches (D:3)
  4 goblins
  7 hobgoblins
  3 jackals (D:4)
  5 quokkas
  3 bats
  3 frilled lizards
  5 kobolds
  5 rats
83 creatures vanquished.

Notes
Turn   | Place    | Note
-------+----------+-------------------------------------------
     0 | D:1      | alasdair19 the Minotaur Fighter began the quest for the
                  | Orb.
     0 | D:1      | Reached XP level 1. HP: 19/19 MP: 0/0
   266 | D:1      | Reached XP level 2. HP: 20/27 MP: 1/1
  1178 | D:2      | Reached XP level 3. HP: 27/33 MP: 2/2
  1236 | D:2      | Reached skill level 3 in Long Blades
  2078 | D:3      | Reached XP level 4. HP: 38/40 MP: 3/3
  2396 | D:4      | Reached skill level 4 in Long Blades
  2428 | D:4      | Reached skill level 1 in Dodging
  2452 | D:4      | Noticed a wyvern
  2460 | D:4      | Killed a wyvern
  2461 | D:4      | Reached skill level 5 in Long Blades
  2461 | D:4      | Reached skill level 5 in Armour
  2461 | D:4      | Reached XP level 5. HP: 28/46 MP: 4/4
  2734 | D:4      | Reached XP level 6. HP: 44/52 MP: 5/5
  3243 | D:4      | Found a glowing golden altar of the Shining One.
  3288 | D:4      | Reached skill level 5 in Shields
  3365 | D:4      | Found Ewuts's Book Boutique.
  3713 | D:5      | Entered Level 5 of the Dungeon
  3890 | D:5      | Reached skill level 6 in Long Blades
  3890 | D:5      | Reached XP level 7. HP: 54/60 MP: 6/6
  3923 | D:5      | Identified the +1 leather armour of Berghidi {rPois SInv}
  3974 | D:5      | Slain by a hobgoblin

Illustrated notes

Levels and vault maps discovered:
D:1:      dpeg_arrival_windows_large_door, layout_basic
D:2:      layout_basic
D:3:      minmay_roachtagon, layout_rooms, minmay_checkerbox
D:4:      layout_basic, nicolae_tso_carved_into_rock, serial_shops,
          nicolae_diamond_shop, saegor_snake_ambush
D:5:      layout_rooms, minmay_temple_entry_ruins, sigmund_army, uniq_eustachio,
          uniq_edmund

Skill      XL: |  1  2  3  4  5  6 |
---------------+-------------------+-----
Shields        | 4 5 |  5.4
Armour         | 4 5 |  5.8
Long Blades    | 3 5 6 |  6.1
Fighting       | 4 |  4.6
Dodging        | 1 |  1.3
Throwing       | |  0.1
Stealth        | |  0.7

Action                   |  1- 3 |  4- 6 |  7- 9 || total
-------------------------+-------+-------+-------++-------
Melee: Long sword        |    73 |    90 |     8 ||   171
       Headbutt          |     9 |    12 |     3 ||    24
Throw: Boomerang         |       |     3 |       ||     3
  Use: Scroll            |       |     3 |       ||     3
 Stab: Distracted        |       |     1 |       ||     1
Armor: Scale mail        |    39 |    45 |     2 ||    86
Dodge: Dodged            |    19 |    32 |    10 ||    61
Block: Kite shield       |    38 |    64 |    18 ||   120
       Rpst.: Long sword |     3 |    11 |     2 ||    16
